 Dungeon Crawl Stone Soup version 0.31.0-11-ge490571c62 (webtiles) character file.

Game seed: 8081115644821403942

10635 Bobbunny the Fighter (level 11, -8/93 HPs)
             Began as a Formicid Fighter on Feb 3, 2024.
             Was the Champion of Okawaru.
             Mangled by an orc warrior
             ... wielding a +0 short sword
             ... led by an orc knight
              (9 damage)
             ... on level 11 of the Dungeon.
             The game lasted 00:11:33 (12990 turns).

Bobbunny the Fighter (Formicid Fighter)            Turns: 12990, Time: 00:11:34

Health: -8/93      AC: 19    Str: 25    XL:     11   Next: 96%
Magic:  15/15      EV: 14    Int: 19    God:    Okawaru [******]
Gold:   462        SH:  9    Dex: 13    Spells: 10/10 levels left

rFire   . . .        H - +2 battleaxe of Adverse Possession {pain, Fly rElec Will++}
rCold   + . .        C - +0 kite shield
rNeg    . . .        F - +3 ring mail "Forph" {Rampage Will+ Int+3}
rPois   .            (helmet unavailable)
rElec   +            (no cloak)
rCorr   .            L - +2 pair of gloves of the Silversmith {*Slow rC+ Will+ Int+8}
SInv    +            i - +0 pair of boots
Will    +++++        w - amulet of faith
Stlth   ++           q - +4 ring of protection
HPRegen 0.35/turn    G - +5 ring of evasion
MPRegen 0.14/turn

%: slow self (1%), rampage, faith
@: flying
A: permanent stasis, dig shafts and tunnels, antennae 3, four strong arms
a: Dig, Shaft Self, Renounce Religion, Heroism, Finesse, Duel


You were on level 11 of the Dungeon.
You worshipped Okawaru.
Okawaru was exalted by your worship.
You visited 2 branches of the dungeon, and saw 12 of its levels.
You also visited: Ossuary.

You collected 669 gold pieces.
You spent 207 gold pieces at shops.

Inventory:

Hand Weapons
 D - a +0 broad axe
 H - the +2 battleaxe of Adverse Possession (weapon) {pain, Fly rElec Will++}
   (Okawaru gifted it to you on level 11 of the Dungeon)

   rElec:     It insulates you from electricity.
   Will++:    It greatly increases your willpower.
   Fly:       It grants you flight.
Missiles
 d - 17 boomerangs (quivered)
 f - 13 poisoned darts
 j - a silver javelin
 p - 6 javelins
 J - a throwing net
Armour
 i - a +0 pair of boots (worn)
 l - the +1 ring mail of Buliuw {rElec Will++ Dex-2}
   (You bought it in a shop on level 8 of the Dungeon)

   Dex-2:     It affects your dexterity (-2).
   rElec:     It insulates you from electricity.
   Will++:    It greatly increases your willpower.
 r - +0 acid dragon scales
 C - a +0 kite shield (worn)
 F - the +3 ring mail "Forph" (worn) {Rampage Will+ Int+3}
   (You found it on level 9 of the Dungeon)

   Int+3:     It affects your intelligence (+3).
   Will+:     It increases your willpower.
   Rampage:   It bestows one free step when moving towards enemies.
 L - the +2 pair of gloves of the Silversmith (worn) {*Slow rC+ Will+ Int+8}
   (Okawaru gifted it to you on level 11 of the Dungeon)

   Int+8:     It affects your intelligence (+8).
   rC+:       It protects you from cold.
   Will+:     It increases your willpower.
   *Slow:     It may slow you when you take damage.
Jewellery
 q - a +4 ring of protection (left hand)
 w - an amulet of faith (around neck)
 G - a +5 ring of evasion (right hand)
 I - a +6 ring of strength
Wands
 k - a wand of flame (47)
Scrolls
 b - a scroll of enchant weapon
 n - a scroll of fear {unknown}
 s - 2 scrolls of poison
 t - a scroll of vulnerability {unknown}
 v - 2 scrolls of silence
 y - a scroll of enchant armour
 A - 3 scrolls of fog
Potions
 a - a potion of invisibility {unknown}
 c - 2 potions of degeneration {unknown}
 e - 3 potions of cancellation
 g - 4 potions of mutation
 h - a potion of resistance {unknown}
 m - 10 potions of curing
 o - a potion of heal wounds {unknown}
 u - a potion of ambrosia
 x - 4 potions of enlightenment
 z - 5 potions of might
 B - a potion of lignification
 E - a potion of attraction {unknown}


   Skills:
 + Level 11.5 Fighting
 + Level 10.3 Axes
 - Level 3.7 Throwing
 - Level 10.0 Armour
 - Level 3.0 Stealth
 - Level 5.0 Shields
 - Level 6.0 Invocations


You had 10 spell levels left.
You didn't know any spells.
Your spell library contained the following spells:

 Spells                   Type           Power      Damage    Failure   Level
 Freeze                   Ice            0%         1d3       50%         1
 Sting                    Conj/Alch      0%         1d3       50%         1
 Mercury Vapours          Alch/Air       0%         N/A       65%         2
 Frozen Ramparts          Ice            0%         1d1       86%         3
 Hailstorm                Conj/Ice       0%         3d5       86%         3
 Mephitic Cloud           Conj/Alch/Air  0%         N/A       86%         3
 Dimensional Bullseye     Hex/Tloc       0%         N/A       99%         4
 Iskenderun's Mystic Bla  Conj/Tloc      0%         2d3       99%         4
 Olgreb's Toxic Radiance  Alch           0%         N/A       99%         4
 Freezing Cloud           Conj/Ice/Air   0%         6-21      100%        5
 Tukima's Dance           Hex            Unusable   N/A       N/A         3

Dungeon Overview and Level Annotations

Branches:
Dungeon (11/15)            Temple (0/1) D:5            Lair (0/5) D:9
    Orc (1/2) D:11        Ossuary (visited)

Altars:
Ashenzari
Fedhas
Gozag
Hepliaklqana
Kikubaaqudgha
Okawaru
Qazlal
Sif Muna
Vehumet
Wu Jian
Yredelemnul
Zin

Shops:
D:8 [

Portals:
Abyss: D:4

Annotations:
D:3 2 transporters, Gadfly's ghost, weakling DsMo
D:4 2 transporters, TheBioAlchemist's ghost, amateur GrEE
D:6 exclusion: oklob plant


Innate Abilities, Weirdness & Mutations

You cannot be hasted, slowed, berserked, paralysed or teleported.
You can dig through walls and to a lower floor.
You have a pair of large antennae on your head. (SInv)
Your four strong arms can wield two-handed weapons with a shield.


Message History

You closely miss the orc warrior.
The orc knight hits you but does no damage.
The orc warrior hits you but does no damage.
You block the orc knight's attack. The orc warrior barely misses you.
You completely miss the orc knight.
The orc knight is severely wounded.
You hit the orc warrior but do no damage.
The orc knight hits you but does no damage.
You block the orc warrior's attack.
You slash the orc knight!
The orc knight is almost dead.
You hit the orc warrior.
The orc knight hits you with a +0 war axe.
The orc warrior closely misses you.
You closely miss the orc knight.
The orc knight is almost dead.
You hit the orc warrior but do no damage.
The orc knight hits you with a +0 war axe!
* * * LOW HITPOINT WARNING * * *
The orc warrior hits you with a +0 short sword!
* * * LOW HITPOINT WARNING * * *
You hit the orc knight.
The orc knight is almost dead.
You slash the orc warrior!
The orc knight hits you but does no damage.
You block the orc warrior's attack. You block the orc knight's attack.
The orc warrior hits you with a +0 short sword.
* * * LOW HITPOINT WARNING * * *
Your stasis prevents you from being slowed.
You hit the orc knight but do no damage.
The orc knight is almost dead.
You hit the orc warrior but do no damage.
You block the orc knight's attack. The orc warrior barely misses you.
You hit the orc knight.
The orc knight is almost dead.
You hit the orc warrior but do no damage.
The orc knight hits you with a +0 war axe!
* * * LOW HITPOINT WARNING * * *
The orc warrior hits you with a +0 short sword!
You die...

#.. #### ##.
####..######
##.##....#...
#............
##............
##.............
####..............
#@o....###........
#o)...........###.
##.............#..
##.#....#...#..#.
####..##.###..#.
#....#........<
###>###........
##............
#...#.........


You could see an orc knight and an orc warrior (strong).

Vanquished Creatures
  A two-headed ogre (D:11)
  A manticore (D:11)
  2 cyclopes
  Jeremiah (D:9)
  2 komodo dragons
  Psyche (D:8)
  A troll (D:10)
  A hornet (D:8)
  Sigmund (D:2)
  2 shadows (D:11)
  2 wraiths
  21 yaks
  A vampire (D:9)
  A wyvern (D:9)
  2 steam dragons
  2 acid dragons (D:10)
  A water moccasin (D:8)
  4 orc warriors
  A black bear (D:7)
  2 ice beasts
  2 centaurs (D:7)
  A phantom (D:7)
  A bullfrog (D:6)
  2 scorpions
  5 wights
  An elf skeleton (D:6)
  A burial acolyte (Ossuary)
  4 killer bees (D:11)
  A howler monkey (D:9)
  2 orc priests
  A hound (D:5)
  2 human zombies
  4 jellies
  Jessica (D:2)
  2 gnoll boudas
  3 iguanas
  4 sleepcaps
  3 human skeletons (D:6)
  10 orc wizards
  A crocodile zombie (Ossuary)
  2 hound zombies (Ossuary)
  3 mummies (Ossuary)
  Robin (D:4)
  8 gnolls
  7 adders
  A shadow imp (D:6)
  A white imp (D:8)
  5 ufetubi
  2 adder zombies (Ossuary)
  2 ribbon worms
  5 dart slugs
  26 orcs
  4 endoplasms
  3 giant cockroaches
  A gnoll zombie (Ossuary)
  15 goblins
  7 hobgoblins
  7 jackals
  3 quokkas
  7 ball pythons
  7 ball python zombies (Ossuary)
  6 bats
  4 frilled lizards
  3 jackal zombies (Ossuary)
  6 kobolds
  9 kobold zombies (Ossuary)
  2 orc zombies
  3 rats
251 creatures vanquished.

Notes
Turn   | Place    | Note
-------+----------+-------------------------------------------
     0 | D:1      | Bobbunny the Formicid Fighter began the quest for the Orb.
     0 | D:1      | Reached XP level 1. HP: 18/18 MP: 1/1
   160 | D:1      | Reached XP level 2. HP: 24/24 MP: 2/2
   401 | D:1      | Reached skill level 1 in Stealth
   533 | D:1      | Reached XP level 3. HP: 26/30 MP: 3/3
   864 | D:2      | Noticed Sigmund
   875 | D:2      | Killed Sigmund
   876 | D:2      | Reached skill level 5 in Fighting
   876 | D:2      | Reached XP level 4. HP: 32/39 MP: 4/4
   876 | D:2      | Reached XP level 5. HP: 37/44 MP: 5/5
   876 | D:2      | Reached XP level 6. HP: 43/51 MP: 6/6
  1475 | D:2      | Found a faded altar of an unknown god.
  1501 | D:2      | Noticed Jessica
  1517 | D:2      | Killed Jessica
  1946 | D:3      | Found a transporter.
  1950 | D:3      | Noticed Gadfly's ghost (weakling DsMo)
  2147 | D:3      | Found a transporter.
  2585 | D:4      | Noticed Robin
  2588 | D:4      | Killed Robin
  2650 | D:4      | Found a transporter.
  2652 | D:4      | Found a transporter.
  2760 | D:4      | Found a one-way gate to the infinite horrors of the Abyss.
  2765 | D:4      | Noticed TheBioAlchemist's ghost (amateur GrEE)
  3223 | D:4      | Found a broken altar of Ashenzari.
  3306 | D:4      | Found an ancient bone altar of Kikubaaqudgha.
  3420 | D:5      | Entered Level 5 of the Dungeon
  3428 | D:5      | Reached XP level 7. HP: 49/57 MP: 7/7
  3482 | D:5      | Reached skill level 1 in Throwing
  3605 | D:5      | Found an iron altar of Okawaru.
  3685 | D:5      | Reached skill level 6 in Fighting
  3739 | D:5      | Became a worshipper of Warmaster Okawaru
  3775 | D:5      | Found a staircase to the Ecumenical Temple.
  4006 | D:5      | Reached skill level 5 in Axes
  4434 | D:6      | Found a sand-covered staircase.
  4450 | D:6      | Reached skill level 1 in Invocations
  4450 | D:6      | Reached XP level 8. HP: 62/65 MP: 8/8
  4483 | Ossuary  | Entered an ossuary
  4667 | Ossuary  | Reached * piety under Okawaru
  5463 | D:6      | Found a blossoming altar of Fedhas.
  5477 | D:6      | Noticed an oklob plant
  5678 | D:6      | Found a glowing silver altar of Zin.
  5898 | D:6      | Reached skill level 7 in Fighting
  6376 | D:7      | Reached XP level 9. HP: 49/72 MP: 11/11
  6574 | D:7      | Reached ** piety under Okawaru
  6578 | D:7      | Reached skill level 5 in Armour
  6767 | D:7      | Found a basalt altar of Yredelemnul.
  6968 | D:7      | Noticed a cyclops
  6978 | D:7      | Killed a cyclops
  6978 | D:7      | Reached *** piety under Okawaru
  6979 | D:7      | Reached skill level 8 in Fighting
  6979 | D:7      | Reached skill level 5 in Invocations
  7760 | D:8      | Reached **** piety under Okawaru
  7764 | D:8      | Reached XP level 10. HP: 21/79 MP: 13/13
  8349 | D:8      | Noticed Psyche
  8393 | D:8      | Killed Psyche
  8521 | D:8      | Reached skill level 5 in Shields
  8525 | D:8      | Reached skill level 9 in Fighting
  8535 | D:8      | Reached ***** piety under Okawaru
  8805 | D:8      | Found Wetuf Migu's Antique Armour Shop.
  8914 | D:8      | Bought a faintly humming ring mail for 207 gold pieces
  8914 | D:8      | Identified the +1 ring mail of Buliuw {rElec Will++ Dex-2}
                  | (You bought it in a shop on level 8 of the Dungeon)
  9143 | D:8      | Found a shimmering blue altar of Sif Muna.
  9149 | D:8      | Found a hazy altar of Hepliaklqana.
  9159 | D:8      | Found a radiant altar of Vehumet.
  9185 | D:9      | Noticed Jeremiah
  9296 | D:9      | Killed Jeremiah
  9354 | D:9      | Received a gift from Okawaru
  9411 | D:9      | Noticed a komodo dragon
  9419 | D:9      | Killed a komodo dragon
  9612 | D:9      | Found a staircase to the Lair.
  9621 | D:9      | Reached skill level 10 in Fighting
  9725 | D:9      | Reached XP level 11. HP: 70/90 MP: 14/14
 10334 | D:9      | Identified the +3 ring mail "Forph" {Rampage Will+ Int+3}
 10727 | D:10     | Entered Level 10 of the Dungeon
 10779 | D:10     | Found a stormy altar of Qazlal.
 10958 | D:10     | Found an opulent altar of Gozag.
 11073 | D:10     | Reached skill level 11 in Fighting
 11566 | D:10     | Found an ornate altar of the Wu Jian Council.
 12001 | D:11     | Received a gift from Okawaru
 12016 | D:11     | Reached skill level 10 in Axes
 12068 | D:11     | Noticed a manticore
 12083 | D:11     | Killed a manticore
 12289 | D:11     | Noticed a two-headed ogre
 12303 | D:11     | Killed a two-headed ogre
 12303 | D:11     | Reached ****** piety under Okawaru
 12304 | D:11     | Acquired the +2 battleaxe of Adverse Possession {pain, Fly
                  | rElec Will++}
 12304 | D:11     | Received a gift from Okawaru
 12577 | D:11     | Noticed a cyclops
 12581 | D:11     | Killed a cyclops
 12582 | D:11     | Reached skill level 10 in Armour
 12582 | D:11     | Acquired the +2 pair of gloves of the Silversmith {*Slow
                  | rC+ Will+ Int+8}
 12582 | D:11     | Received a gift from Okawaru
 12895 | D:11     | Found a staircase to the Orcish Mines.
 12975 | Orc:1    | Entered Level 1 of the Orcish Mines
 12975 | Orc:1    | Noticed an orc knight
 12990 | D:11     | HP: 1/93 [orc knight/+0 war axe (8)]
 12990 | D:11     | Mangled by an orc warrior

Illustrated notes

Levels and vault maps discovered:
D:1:      minmay_arrival_four_loops, layout_loops_ring
D:2:      layout_loops_corners, dreamdust_ecumenical_altar_statues,
          grunt_decor_one_mirror, uniq_sigmund, uniq_jessica
D:3:      layout_loops_corners, gammafunk_ghost_stat_death, nicolae_the_louvre
D:4:      minmay_angry_zag, layout_basic, mainiacjoe_overflow_big_doors,
          gammafunk_ghost_abyssal_escape, minmay_misc_feat_rows,
          kennysheep_generic_room_5, uniq_robin
D:5:      layout_basic, mainiacjoe_overflow_paths, minmay_temple_entry_mist
D:6:      layout_layer_cave, tgw_fedhas, mainiacjoe_overflow_six_doors_small,
          nicolae_ossuary_entry_catacombs, kennysheep_generic_room_7
D:7:      layout_rooms, mainiacjoe_overflow_catwalk
D:8:      layout_basic, minitemple, serial_shops, shop, uniq_psyche
D:9:      layout_loops_cross, david_lair_shrubbed, uniq_jeremiah
D:10:     layout_stronghold, nicolae_gozag_seed_capital,
          nicolae_qazlal_general_emergency, nzn_wu_jian_contemplation,
          minmay_misc_feat_alley
D:11:     layout_cave_pools, orc_0_dummy
Orc:1:    nicolae_orc_accident_2, layout_caves

Skill      XL: |  1  2  3  4  5  6  7  8  9 10 11 |
---------------+----------------------------------+-----
Stealth        | 1 3 |  3.0
Fighting       | 5 6 7 8 10 11 | 11.5
Axes           | 3 4 5 6 7 9 10 | 10.3
Throwing       | 2 3 |  3.7
Invocations    | 1 3 5 6 |  6.0
Armour         | 4 6 8 10 | 10.0
Shields        | 5 |  5.0

Action                     |  1- 3 |  4- 6 |  7- 9 | 10-12 || total
---------------------------+-------+-------+-------+-------++-------
  Melee: War axe           |    57 |   157 |   349 |   247 ||   810
         Unarmed           |       |       |       |     6 ||     6
         Battleaxe         |       |       |       |    31 ||    31
  Throw: Boomerang         |       |       |     6 |    13 ||    19
         Javelin           |       |       |       |     5 ||     5
         Dart              |       |       |       |     4 ||     4
         Throwing net      |       |       |       |     1 ||     1
 Invoke: Heroism           |       |       |       |     2 ||     2
         Receive Weapon    |       |       |       |     1 ||     1
         Receive Armour    |       |       |       |     1 ||     1
    Use: Potion            |     1 |       |       |     2 ||     3
         Scroll            |       |       |    10 |     8 ||    18
   Stab: Sleeping          |       |       |       |     2 ||     2
 Armour: Scale mail        |    35 |   105 |   311 |    41 ||   492
         Ring mail         |       |       |       |   129 ||   129
         Skin              |       |       |       |    43 ||    43
  Dodge: Dodged            |    28 |    69 |   170 |    99 ||   366
  Block: Buckler           |    21 |    55 |   130 |       ||   206
         Kite shield       |       |       |       |   136 ||   136
